 Dungeon Crawl Stone Soup version 0.26-a0-466-g989023bd0d (webtiles) character file.

Game seed: 15339584496024361654

146 vurker the Chucker (level 5, 0/47 HPs)
             Began as a Minotaur Hunter on Aug 10, 2020.
             Killed by nerve-wracking pain
             ... invoked by Grinder
              (11 damage)
             ... on level 3 of the Dungeon.
             The game lasted 00:03:18 (3032 turns).

vurker the Chucker (Minotaur Hunter)                Turns: 3032, Time: 00:03:18

Health: 0/47       AC:  6    Str: 18    XL:     5   Next: 7%
Magic:  4/4        EV:  7    Int:  8    God:
Gold:   102        SH:  7    Dex: 10    Spells: 4/4 levels left

rFire    . . .     SeeInvis .   a - +0 short sword
rCold    . . .     Faith    .   q - +0 kite shield
rNeg     . . .     Spirit   .   k - +0 scale mail (curse)
rPois    .         Reflect  .   (helmet restricted)
rElec    .         Harm     .   (no cloak)
rCorr    .                      (no gloves)
MR       +....                  (no boots)
Stlth    ..........             (no amulet)
HPRegen  0.15/turn              p - ring of protection from magic
MPRegen  0.09/turn              (no ring)

@: no status effects
A: retaliatory headbutt, horns 2
a: no special abilities


You were on level 3 of the Dungeon.
You visited 1 branch of the dungeon, and saw 3 of its levels.

You collected 102 gold pieces.

Inventory:

Hand Weapons
 a - a +0 short sword (weapon)
Missiles
 c - 6 javelins (quivered)
 d - 2 throwing nets
Armour
 k - a cursed +0 scale mail (worn)
   (You found it on level 1 of the Dungeon)
 q - a +0 kite shield (worn)
   (You took it off a kobold on level 3 of the Dungeon)
Jewellery
 p - a ring of protection from magic (left hand)
   (You found it on level 2 of the Dungeon)
Scrolls
 h - a scroll of identify {unknown}
 i - 3 scrolls of teleportation {unknown}
 j - 2 scrolls of fog {unknown}
 l - a scroll of remove curse {unknown}
 o - a scroll of immolation {unknown}
Potions
 b - a potion of stabbing {unknown}
 e - 2 potions of brilliance {unknown}
 f - 3 potions of curing {unknown}
 g - a potion of berserk rage {unknown}
 m - a potion of ambrosia {unknown}
 n - a potion of heal wounds {unknown}


   Skills:
 + Level 4.9 Fighting
 + Level 5.1 Throwing
 - Level 2.1 Dodging
 - Level 0.7 Stealth
 + Level 1.0 Shields


You had 4 spell levels left.
You didn't know any spells.
Your spell library was empty.

Dungeon Overview and Level Annotations

Branches:
Dungeon (3/15)

Altars:

Annotations:
D:3 Grinder


Innate Abilities, Weirdness & Mutations

You reflexively headbutt those who attack you in melee.
You have a pair of horns on your head.


Message History

You block the orc's attack.
You barely miss the orc. You block the orc's attack.
You hit the orc but do no damage. You block the orc's attack.
The orc hits you but does no damage.
You closely miss the orc. The orc hits you with a +0 dagger.
You closely miss the orc. You block the orc's attack.
You hit the orc but do no damage. You block the orc's attack.
Grinder blinks!
You block the orc's attack.
You hit the orc but do no damage. Grinder hits you but does no damage.
The orc hits you but does no damage.
Grinder blinks!
You closely miss the orc. The orc hits you but does no damage.
You barely miss the orc. You block the orc's attack.
Your shield and scale mail prevent you from hitting the orc.
The orc hits you but does no damage.
You hit the orc. You headbutt the orc, but do no damage.
The orc hits you with a +0 dagger. Grinder closely misses you.
You hit the orc but do no damage. You block the orc's attack.
Grinder gestures at you. Pain shoots through your body!
The orc shouts!
You hit the orc.
You hear a shout!
The orc hits you but does no damage. Grinder hits you.
You writhe in agony.
You hit the orc but do no damage. You headbutt the orc, but do no damage.
The orc hits you but does no damage. Grinder hits you.
You hit the orc but do no damage. Your headbutt misses the orc.
The orc hits you but does no damage. Grinder hits you.
* * * LOW HITPOINT WARNING * * *
You writhe in agony.
* * * LOW HITPOINT WARNING * * *
The orc hits you but does no damage.
Unknown command.
You hit the orc but do no damage. You block Grinder's attack.
You block the orc's attack. Grinder hits you.
* * * LOW HITPOINT WARNING * * *
You writhe in agony.
* * * LOW HITPOINT WARNING * * *
You closely miss the orc. Your headbutt misses the orc.
You block the orc's attack. You block Grinder's attack.
You hit the orc.
You kill the orc!
Grinder hits you.
* * * LOW HITPOINT WARNING * * *
You hit the orc.
An orc wizard comes into view. It is wielding a +0 dagger.
You block the orc's attack. Grinder gestures at you.
Pain shoots through your body!
You die...

..#.###.# #.# # #(...#
.#.## #.# #.#..####...#
#.## #.#
#.#.....)).##... †####
#.######.#####........#
#o..# #........o.#
#.#.##...#
###.###.####.###.###.#.#
...
#..................#.##
.
####.......###o##..#..#
#.#####.###@##..#.# #
#.# #...5.......# ## ..#
#.........#.#########.
##.#
#####.##....÷.....†..#
#.# #.##..###.#######.
#.# #.##..# #.# ##
#.###.# #.# # ..# #..
..# # #######


You could see Grinder, an orc wizard and an orc.

Vanquished Creatures
  Jessica (D:2)
  2 adders
  An ooze (D:2)
  A worm (D:3)
  2 dart slugs (D:1)
  A leopard gecko (D:1)
  7 orcs
  3 ball pythons
  5 giant cockroaches
  8 goblins
  12 hobgoblins
  4 jackals (D:3)
  7 kobolds
  A quokka (D:3)
  8 bats
  5 frilled lizards
  9 rats
77 creatures vanquished.

Notes
Turn   | Place    | Note
-------+----------+-------------------------------------------
     0 | D:1      | vurker the Minotaur Hunter began the quest for the Orb.
     0 | D:1      | Reached XP level 1. HP: 18/18 MP: 0/0
   235 | D:1      | Reached XP level 2. HP: 25/26 MP: 1/1
   798 | D:1      | Reached XP level 3. HP: 33/33 MP: 2/2
  1867 | D:2      | Noticed Jessica
  1871 | D:2      | Killed Jessica
  1871 | D:2      | Reached XP level 4. HP: 41/41 MP: 3/3
  2148 | D:3      | Reached skill level 5 in Throwing
  2304 | D:3      | Noticed Grinder
  2928 | D:3      | Reached XP level 5. HP: 41/47 MP: 4/4
  2936 | D:3      | Reached skill level 1 in Shields
  3032 | D:3      | Killed from afar by Grinder

Illustrated notes

Levels and vault maps discovered:
D:1:      minmay_arrival_four_circles, layout_basic
D:2:      layout_loops_corners, uniq_jessica
D:3:      wad_pebble_path, layout_loops_ring, tgw_trog, uniq_grinder

Skill      XL: |  1  2  3  4  5 |
---------------+----------------+-----
Fighting       | 3 4 |  4.9
Throwing       | 5 |  5.1
Shields        | 1 |  1.0
Dodging        | |  2.1
Stealth        | |  0.7

Action                   |  1- 3 |  4- 6 || total
-------------------------+-------+-------++-------
Melee: Short sword       |    87 |   145 ||   232
       Headbutt          |    15 |    14 ||    29
Throw: Javelin           |     1 |       ||     1
 Stab: Sleeping          |     1 |       ||     1
Armor: Leather armour    |    13 |       ||    13
       Scale mail        |    10 |    67 ||    77
Dodge: Dodged            |    44 |    50 ||    94
Block: Kite shield       |       |    50 ||    50

Table legend: (Time is in decaauts)
 A = Elapsed time spent in this place.
 B = Non-inter-level travel time spent in this place.
 C = Inter-level travel time spent in this place.
 D = Time resting spent in this place.
 E = Time spent auto-exploring this place.
 F = Levels seen in this place.
 G = Mean time per level.
                   A        B        C        D        E       F      G
               +--------+--------+--------+--------+--------+-----+--------+
         Total |   3070 |   2991 |     79 |    333 |   2115 |   3 | 1023.3 |
       Dungeon |   3070 |   2991 |     79 |    333 |   2115 |   3 | 1023.3 |
               +--------+--------+--------+--------+--------+-----+--------+

Top non-repeatable levels by time:
     D:1: 1338 daAuts
     D:2: 1226 daAuts
     D:3: 505 daAuts
